 Dungeon Crawl Stone Soup version 0.25.1-4-g9407a263a5 (webtiles) character file.

Game seed: 2226858953571313561

2410 Gabide the Chopper (level 9, 0/99 HPs)
             Began as a Human Fighter on Nov 27, 2020.
             Was a Believer of Ashenzari.
             Slain by a quasit (2 damage)
             ... on level 7 of the Dungeon.
             The game lasted 00:15:16 (6347 turns).

Gabide the Chopper (Human Fighter)                  Turns: 6347, Time: 00:15:16

Health: 0/99       AC: 24    Str: 25      XL:     9   Next: 75%
Magic:  9/9        EV:  2    Int:  9      God:    Ashenzari [**....]
Gold:   321        SH: 11    Dex: 12 (13) Spells: 8/8 levels left

rFire    . . .     SeeInvis .   x - +6 whip (drain)
rCold    . . .     Gourm    .   c - +0 kite shield (curse)
rNeg     + + +     Faith    .   (armour currently unavailable)
rPois    +         Spirit   .   (helmet currently unavailable)
rElec    .         Reflect  .   (cloak currently unavailable)
rCorr    .         Harm     .   (gloves currently unavailable)
MR       .....     NoTele   +   (boots currently unavailable)
Stlth    +.........             (no amulet)
HPRegen  0.26/turn              g - +6 ring of strength (curse)
MPRegen  0.11/turn              w - +4 ring of slaying (curse)

@: mighty, tree-form, very slightly contaminated, slowed, invisible, very slow
A: no striking features
a: Curse Item, Scrying, Renounce Religion


You were on level 7 of the Dungeon.
You worshipped Ashenzari.
Ashenzari was pleased with you.
You were hungry.
You were a tree.
You visited 1 branch of the dungeon, and saw 7 of its levels.

You collected 321 gold pieces.

Inventory:

Hand Weapons
 a - a +0 trident
 p - a +2 vampiric hand axe
 x - a +6 whip of draining (weapon)
Missiles
 i - 36 poisoned darts (quivered)
Armour
 c - a cursed +0 kite shield (worn)
 n - a +0 cloak (melded)
 s - a +0 pair of boots (melded)
 u - a +0 chain mail (melded)
Jewellery
 g - a cursed +6 ring of strength (left branch)
 q - a +6 ring of dexterity
 r - an uncursed ring of poison resistance
 w - a cursed +4 ring of slaying (right branch)
Wands
 h - a wand of flame (25)
 o - a wand of polymorph (3)
 y - a wand of acid (9)
Scrolls
 b - a scroll of noise {unknown}
 e - 6 scrolls of remove curse
 t - 2 scrolls of teleportation
 A - a scroll of amnesia
Potions
 d - a potion of lignification
 j - a potion of brilliance
 k - a potion of flight
 m - a potion of magic
 v - a potion of cancellation
 C - a potion of curing {unknown}
Comestibles
 f - 17 rations
 B - 3 chunks of flesh


   Skills:
 + Level 4.7 Fighting
 - Level 6.2(7.2) Axes
 * Level 3.3(5.2) Maces & Flails
 - Level 4.1(5.8) Polearms
 - Level 0.1 Throwing
 * Level 5.9 Armour
 * Level 4.5 Dodging
 - Level 0.1 Stealth
 + Level 5.7(7.2) Shields


You had 8 spell levels left.
You didn't know any spells.
Your spell library was empty.

Dungeon Overview and Level Annotations

Branches:
Dungeon (7/15)             Temple (0/1) D:6

Altars:
Ashenzari
Kikubaaqudgha
Okawaru

Annotations:
D:3 1 runed translucent door, viktor89's ghost, amateur NaVM


Message History

The quasit closely misses you. You block the quasit's attack.
The orc wizard casts a spell at you. The magic dart hits you.
* * * LOW HITPOINT WARNING * * *
The orc wizard closely misses you.
The quasit bites you but does no damage.
The quasit misses you. You block the quasit's attack.
The orc warrior hits you with a +0 halberd!
* * * LOW HITPOINT WARNING * * *
Really quaff the potion of lignification?
You turn into a tree.
Your +0 cloak melds into your body.
Your +0 pair of boots melds into your body.
Your +0 chain mail melds into your body.
Your roots penetrate the ground.
You block the orc wizard's attack. You block the quasit's attack.
The quasit claws you but does no damage. x2
The orc wizard points at you and mumbles some strange words.
The magic dart hits you but does no damage.
The quasit bites you.
You die...

#........# .. ###### #........#
... * #....# #........##.. #....#
#.>.....(... , , #....#
#......$(.#, ,, #....#
#...og.og.#, #....# #....ooo.#* *
* * ##....# * *#♣# * * ......#
#5# * , * .....###########.# * *
* * .....'..>........#** ,, , ,,
.....###.######..# ,, * **
..............##.#.##############
#####.##...................).....
......##<####.##.#####.....†)##..
########.# #.##.# #..####.##..


You could see an orc warrior, an orc wizard (fast), a quasit, 2 gnolls and 3
orcs.

Vanquished Creatures
  Pikel (D:5)
  A water moccasin (D:7)
  An ice beast (D:7)
  A sky beast (D:5)
  An orc warrior (D:6)
  5 ogres
  Blork the orc (D:4)
  A big kobold (D:7)
  A scorpion (D:5)
  A crimson imp (D:6)
  A howler monkey (D:5)
  2 hounds (D:5)
  A jelly (D:6)
  2 bullfrog skeletons
  A bullfrog zombie (D:5)
  2 gnoll shamans
  5 orc wizards
  Crazy Yiuf (D:2)
  An iguana (D:4)
  7 worker ants
  2 hound skeletons
  3 gnolls
  16 adders
  An adder skeleton (D:6)
  A worm (D:2)
  3 dart slugs
  2 leopard geckos
  17 orcs
  9 bats
  3 giant cockroaches
  5 goblins
  8 hobgoblins
  10 jackals
  13 kobolds
  5 quokkas
  3 ball pythons
  6 frilled lizards
  A leopard gecko skeleton (D:4)
  A quokka skeleton (D:3)
  7 rats
153 creatures vanquished.

Vanquished Creatures (others)
  2 slaves (D:5)
  A crimson imp (D:5)
  A bullfrog skeleton (D:5)
  A gnoll (D:5)
  A howler monkey skeleton (D:5)
  An adder (D:5)
  A giant cockroach (D:5)
  A quokka (D:5)
  A frilled lizard (D:5)
  2 withered plants (D:3)
12 creatures vanquished.

Grand Total: 165 creatures vanquished

Notes
Turn   | Place    | Note
-------+----------+-------------------------------------------
     0 | D:1      | Gabide the Human Fighter began the quest for the Orb.
     0 | D:1      | Reached XP level 1. HP: 18/18 MP: 1/1
    85 | D:1      | Found a shattered altar of Ashenzari.
   103 | D:1      | Became a worshipper of Ashenzari the Shackled
   120 | D:1      | Reached XP level 2. HP: 23/24 MP: 2/2
   566 | D:1      | Reached XP level 3. HP: 29/29 MP: 3/3
   666 | D:2      | Reached XP level 4. HP: 15/35 MP: 4/4
  1262 | D:2      | Reached XP level 5. HP: 25/41 MP: 5/5
  1730 | D:2      | Found a runed translucent door.
  1731 | D:2      | Noticed Crazy Yiuf
  1749 | D:2      | Killed Crazy Yiuf
  1749 | D:2      | Reached skill level 1 in Dodging
  2369 | D:3      | Found an ancient bone altar of Kikubaaqudgha.
  2462 | D:3      | Reached * piety under Ashenzari
  2487 | D:3      | Found a runed translucent door.
  2492 | D:3      | Noticed viktor89's ghost (amateur NaVM)
  2617 | D:3      | Reached XP level 6. HP: 47/47 MP: 6/6
  3324 | D:4      | Noticed an ogre
  3324 | D:4      | Noticed Blork the orc
  3335 | D:4      | Killed an ogre
  3335 | D:4      | Reached skill level 2 in Axes
  3345 | D:4      | Killed Blork the orc
  3496 | D:4      | Reached XP level 7. HP: 48/52 MP: 7/7
  3778 | D:4      | Reached skill level 3 in Axes
  4400 | D:5      | Entered Level 5 of the Dungeon
  4400 | D:5      | Noticed Pikel
  4433 | D:5      | Killed Pikel
  4433 | D:5      | Reached skill level 5 in Axes
  4433 | D:5      | Reached XP level 8. HP: 23/60 MP: 8/8
  4666 | D:5      | Reached skill level 5 in Shields
  4678 | D:5      | Reached skill level 6 in Axes
  4678 | D:5      | Reached XP level 9. HP: 57/65 MP: 9/9
  4929 | D:5      | Reached ** piety under Ashenzari
  5208 | D:6      | Found a staircase to the Ecumenical Temple.
  5301 | D:6      | Reached skill level 1 in Maces & Flails
  5301 | D:6      | Reached skill level 5 in Armour
  5312 | D:6      | Found an iron altar of Okawaru.
  6346 | D:7      | HP: 1/66 [orc warrior/+0 halberd (14)]
  6347 | D:7      | Slain by a quasit

Illustrated notes

Levels and vault maps discovered:
D:1:      dpeg_arrival_subterranean_lakeside_camping, layout_rooms,
          evilmike_ruin_ashenzari
D:2:      layout_rooms, uniq_crazy_yiuf_cottage
D:3:      layout_basic, kiku_gazebo_pond_becter, first_ration,
          gammafunk_ghost_grave
D:4:      minmay_chambers_of_twos, layout_basic, chequers_avenue,
          uniq_blork_the_orc
D:5:      minmay_spotlight, layout_basic, st_stairs_4, uniq_pikel
D:6:      minmay_chambers_of_threes, layout_basic,
          minmay_temple_entry_overgrown, okawaru_ov_weapons_minmay
D:7:      layout_basic

Skill      XL: |  1  2  3  4  5  6  7  8  9 |
---------------+----------------------------+-----
Polearms       | 3 4 |  4.1
Dodging        | 1 3 4 |  4.5
Axes           | 2 5 6 |  6.2
Shields        | 4 5 |  5.7
Fighting       | 4 |  4.7
Armour         | 4 5 |  5.9
Maces & Flails | 3 |  3.3
Throwing       | |  0.1
Stealth        | |  0.1

Action                   |  1- 3 |  4- 6 |  7- 9 || total
-------------------------+-------+-------+-------++-------
Melee: Trident           |    79 |   113 |       ||   192
       Hand axe          |       |    71 |   168 ||   239
       Whip              |       |       |   124 ||   124
Throw: Dart              |       |    33 |    54 ||    87
Invok: Curse Item        |       |     2 |     2 ||     4
  Use: Scroll            |     3 |     6 |     5 ||    14
       Potion            |     1 |       |     3 ||     4
  Eat: Chunk             |       |     8 |     6 ||    14
       Ration            |       |       |     1 ||     1
Armor: Scale mail        |    37 |    86 |    45 ||   168
       Skin              |       |    14 |     3 ||    17
       Chain mail        |       |       |    95 ||    95
Dodge: Dodged            |    21 |    63 |   110 ||   194
Block: Kite shield       |    35 |   109 |   188 ||   332
